 Dungeon Crawl Stone Soup version 0.19.5 (webtiles) character file.

124 Kahvikuppo the Skirmisher (level 4, 0/37 HPs)
             Began as a Demonspawn Monk on Apr 16, 2017.
             Killed from afar by an orc wizard (2 damage)
             ... with a puff of frost
             ... on level 3 of the Dungeon.
             The game lasted 00:13:24 (1826 turns).

Kahvikuppo the Skirmisher (Demonspawn Monk)         Turns: 1826, Time: 00:13:24

Health: 0/37       AC:  4    Str: 11    XL:     4   Next: 81%
Magic:  0/4        EV: 14    Int: 16    God:
Gold:   187        SH:  0    Dex: 17    Spells: 0 memorised, 3 levels left

rFire  . . .     SeeInvis .     e - +0 dagger (venom)
rCold  . . .     Gourm    .     b - +0 robe
rNeg   . . .     Faith    .     (no shield)
rPois  .         Spirit   +     (helmet restricted)
rElec  .         Reflect  .     (no cloak)
rCorr  .         Harm     +     (no gloves)
MR     .....                    (no boots)
Stlth  ++........               p - amulet of harm
                                (no ring)
                                (no ring)

@: brilliant, flying
A: horns 1, yellow scales 1, magic shield
a: no special abilities


You were on level 3 of the Dungeon.
You were not hungry.

You visited 1 branch of the dungeon, and saw 3 of its levels.

You collected 187 gold pieces.

Inventory:

Hand Weapons
 a - a +0 falchion
 e - a +0 dagger of venom (weapon)
 u - a +0 hunting sling
Missiles
 h - 73 poisoned needles
 v - 14 stones (quivered)
Armour
 b - a +0 robe (worn)
 j - a +0 plate armour
 t - a +0 helmet
Magical Staves
 w - an uncursed staff of conjuration
Jewellery
 p - an amulet of harm (around neck)
Scrolls
 d - 2 scrolls of identify {unknown}
 f - a scroll of magic mapping {unknown}
 g - a scroll of fog {unknown}
 i - a scroll of enchant weapon {unknown}
 k - 2 scrolls of noise {unknown}
 l - a scroll of immolation {unknown}
 n - a scroll of enchant armour {unknown}
 q - a scroll of amnesia {unknown}
Comestibles
 c - 2 bread rations
 s - a meat ration


   Skills:
 + Level 3.9 Fighting
 + Level 1.2(2.5) Short Blades
 + Level 3.3(3.5) Long Blades
 + Level 3.5 Dodging
 + Level 1.9 Stealth


You had 3 spell levels left.
You didn't know any spells.

Dungeon Overview and Level Annotations

Branches:
Dungeon (3/15)

Altars:
Elyvilon
Gozag


Innate Abilities, Weirdness & Mutations

You have a pair of small horns on your head.
You are partially covered in yellow scales. (AC +2)
When hurt, damage is shared between your health and your magic reserves.


Message History

Something hits you.
* * * LOW HITPOINT WARNING * * *
You see here a goblin corpse.
You kill the orc!
You hear some strange, mumbled words.
A puff of frost appears from out of thin air!
The puff of frost hits you!
* * * LOW HITPOINT WARNING * * *
It was a potion of cure mutation.
It has a very clean taste.
Something barely misses you.
It was a potion of flight.
You feel very buoyant.
You fly up into the air.
You hear some strange, mumbled words.
A puff of flame appears from out of thin air!
The puff of flame misses you. Something barely misses you.
You hear some strange, mumbled words.
A puff of frost appears from out of thin air!
The puff of frost hits you!
You die...

####################
#.............†.....
#.##################
#.#########....###
#>.@..†.)).......#
###########......#
#......# #......#
#...).)# #......#
#....#.## #....#..#
#....#.)##


There were no monsters in sight!

Vanquished Creatures
  An orc priest (D:3)
  A gnoll (D:1)
  2 adders (D:2)
  A worm (D:3)
  A dart slug (D:3)
  A leopard gecko (D:3)
  6 orcs (D:3)
  9 bats
  5 giant cockroaches
  8 goblins
  A hobgoblin (D:3)
  3 jackals (D:2)
  4 kobolds
  A quokka (D:3)
  6 frilled lizards
  4 rats
54 creatures vanquished.

Notes
Turn   | Place    | Note
-------+----------+-------------------------------------------
     0 | D:1      | Kahvikuppo the Demonspawn Monk began the quest for the Orb.
     0 | D:1      | Reached XP level 1. HP: 18/18 MP: 1/1
   267 | D:1      | Gained mutation: You are partially covered in yellow scales. (AC +2) [demonic ancestry]
   267 | D:1      | Reached XP level 2. HP: 24/24 MP: 2/2
   635 | D:2      | Gained mutation: You have a pair of small horns on your head. [demonic ancestry]
   635 | D:2      | Reached XP level 3. HP: 29/29 MP: 3/3
   707 | D:2      | Found an opulent altar of Gozag.
   773 | D:2      | Found a white marble altar of Elyvilon.
  1451 | D:3      | Gained mutation: When hurt, damage is shared between your health and your magic reserves. [demonic ancestry]
  1451 | D:3      | Reached XP level 4. HP: 37/37 MP: 4/4
  1755 | D:3      | Reached skill level 1 in Short Blades
  1822 | D:3      | HP: 1/37 [something/puff of frost (3)]
  1826 | D:3      | Killed from afar by an orc wizard

Skill      XL: |  1  2  3  4 |
---------------+-------------+-----
Long Blades    | 3 |  3.3
Dodging        | 3 |  3.5
Short Blades   | 1 |  1.2
Fighting       | |  3.9
Stealth        | |  1.9

Action                   |  1- 3 |  4- 6 || total
-------------------------+-------+-------++-------
Melee: Dagger            |    92 |    50 ||   142
       Falchion          |     7 |       ||     7
       Headbutt          |    10 |    13 ||    23
  Use: Potion            |       |     3 ||     3
 Stab: Sleeping          |     4 |     1 ||     5
  Eat: Bread ration      |     1 |       ||     1
Armor: Robe              |    24 |    11 ||    35
Dodge: Dodged            |    66 |    24 ||    90
       Rpst.: Falchion   |     3 |       ||     3
